Construct Section Command Post
Selects Air and Sea Battlegroup
Selects Air and Sea Battlegroup
Selects Air and Sea Battlegroup
Construct Field Infirmary
Construct Platoon Command Post
Unlock Bishop Self-propelled Artillery
Bishop Self-propelled Artillery
Bishop Self-propelled Artillery
6-pounder Anti-tank Gun Team
6-pounder Anti-tank Gun Team
Selects Commando Section Paradrop
Selects Commando Support Section Paradrop
Construct Company Command Post
Commando Support Section Paradrop
Selects Anti-tank Rocket Loiter
Construct Field Infirmary
Bishop Self-propelled Artillery
Bishop Self-propelled Artillery
Commando Section Paradrop